 Dungeon Crawl Stone Soup version 0.19.5 (webtiles) character file.

2919 Gargoyl the Chopper (level 9, -7/75 HPs)
             Began as a Ghoul Abyssal Knight on Mar 2, 2017.
             Was an Elder of Lugonu.
             Mangled by an orc warrior
             ... wielding a +0 glaive
              (14 damage)
             ... on level 8 of the Dungeon.
             The game lasted 00:23:34 (6225 turns).

Gargoyl the Chopper (Ghoul Abyssal Knight)          Turns: 6225, Time: 00:23:35

Health: -7/75      AC: 19    Str: 20    XL:     9   Next: 79%
Magic:  12/12      EV:  6    Int:  7    God:    Lugonu [****..]
Gold:   623        SH:  3    Dex: 11    Spells: 0 memorised, 8 levels left

rFire  + . .     SeeInvis .     m - +2 war axe
rCold  + . .     Gourm    .     H - +0 plate armour (curse)
rNeg   + + +     Faith    .     t - +0 buckler
rPois  ∞         Spirit   .     l - +0 helmet
rElec  .         Reflect  .     C - +2 cloak
rCorr  .         Harm     .     (no gloves)
MR     .....                    B - +1 pair of boots
Stlth  ..........               n - amulet of regeneration
                                h - ring of protection from fire
                                e - +4 ring of strength

@: rotting
A: rotting body, claws 1, carnivore 3, cold resistance 1, negative energy
resistance 3, slow regeneration 1, torment resistance, unbreathing
a: Depart the Abyss, Bend Space, Banish, Corrupt, Renounce Religion


You were on level 8 of the Dungeon.
You worshipped Lugonu.
Lugonu was greatly pleased with you.
You were not hungry.

You visited 1 branch of the dungeon, and saw 8 of its levels.
You visited the Abyss 1 time.
You also visited: Ossuary.

You collected 623 gold pieces.

Inventory:

Hand Weapons
 m - a +2 war axe (weapon)
 x - a +1 flail of protection
 D - a +2 trident of venom
 F - a +0 war axe
Armour
 l - a +0 helmet (worn)
 t - a +0 buckler (worn)
 B - a +1 pair of boots (worn)
 C - a +2 cloak (worn)
 H - a cursed +0 plate armour (worn)
Jewellery
 d - an uncursed ring of resist corrosion
 e - a +4 ring of strength (left claw)
 h - a ring of protection from fire (right claw)
 n - an amulet of regeneration (around neck)
 E - an uncursed amulet of magic regeneration {unknown}
Wands
 a - a wand of hasting (5/9)
Scrolls
 f - 3 scrolls of magic mapping
 j - 3 scrolls of remove curse
 k - 2 scrolls of teleportation
 w - 5 scrolls of amnesia
 y - 2 scrolls of fear
 L - a scroll of summoning {unknown}
 M - a scroll of fog {unknown}
 O - a scroll of identify
Potions
 i - 3 potions of lignification {unknown}
 o - a potion of might {unknown}
 p - a potion of magic {unknown}
 q - 2 potions of berserk rage {unknown}
 s - 2 potions of cure mutation {unknown}
 u - a potion of degeneration {unknown}
 v - 2 potions of heal wounds {unknown}
 z - a potion of agility {unknown}
 A - a potion of haste {unknown}
 G - 6 potions of curing
 I - 2 potions of flight {unknown}
 J - a potion of brilliance {unknown}
 K - 3 potions of mutation {unknown}
 N - a potion of resistance {unknown}
 P - a potion of cancellation {unknown}
Books
 b - a book of Changes

   Spells                             Type                      Level
   a - Beastly Appendage              Transmutation                1
   b - Sticks to Snakes               Transmutation                2
   c - Spider Form                    Transmutation/Poison         3
   d - Ice Form                       Ice/Transmutation            4
   e - Blade Hands                    Transmutation                5
 r - a book of Maledictions

   Spells                             Type                      Level
   a - Corona                         Hexes                        1
   b - Ensorcelled Hibernation        Hexes/Ice                    2
   c - Confuse                        Hexes                        3
   d - Tukima's Dance                 Hexes                        3
   e - Dazzling Spray                 Conjuration/Hexes            3
Comestibles
 c - 7 meat rations
 g - 3 slices of pizza
 Q - a chunk of flesh


   Skills:
 + Level 6.1 Fighting
 + Level 7.8 Axes
 * Level 6.6 Armour
 + Level 1.8 Dodging
 + Level 0.5 Shields
 * Level 6.1 Invocations


You had 8 spell levels left.
You didn't know any spells.

Dungeon Overview and Level Annotations

Branches:
Dungeon (8/15)             Temple (0/1) D:4
   Lair: D:8-11

Altars:
Ashenzari
Dithmenos
Elyvilon
Gozag
Makhleb
Qazlal
Yredelemnul
Zin
Jiyva


Innate Abilities, Weirdness & Mutations

Your body is rotting away.
You thrive on raw meat.
You are immune to poison.
You have sharp fingernails.
You are carnivorous and can eat meat at any time.
Your flesh is cold resistant. (rC+)
You are immune to negative energy. (rN+++)
You regenerate slowly when monsters are visible.
You are immune to unholy pain and torment.
You can survive without breathing.


Message History

You slash the orc wizard!
You kill the orc wizard!
Lugonu accepts your kill. The orc warrior completely misses you.
You closely miss the orc warrior.
The orc warrior is almost dead.
The orc warrior hits you with a glaive!
* * * LOW HITPOINT WARNING * * *
You closely miss the orc warrior.
The orc warrior is almost dead.
The orc warrior hits you with a glaive.
* * * LOW HITPOINT WARNING * * *
You hit the orc warrior.
The orc warrior is almost dead.
The orc warrior hits you with a glaive!
* * * LOW HITPOINT WARNING * * *
You hit the orc warrior but do no damage.
The orc warrior is almost dead.
The orc warrior hits you with a glaive!
You die...

*,,,,####+##.......?...#..#
*,,,,#................,#..#
*,,,,#............<...,#.##
*,,,,#............###+##.#
*,,,,#......(.....#......#
*,,,,#.....(###'###......#
*,,,,#....(.#............#*
*****#......#....##...####*
#...)@.#....##...#,,,,
#...)o.#.....#:..#,,,,
#......#######...#,,,,
#.......,,,,,#...#,,,,
#........,,,,#...#,,,,
******#.........,,,*...#,,,,
*,,,,,...........,,*****,,,,
*,,,,.............,* *,,,,
*,,,,,,,,,,,,******* *,,,,


You could see an orc warrior.

Vanquished Creatures
  A hungry ghost (D:7)
  The ghost of maxonian the Sneak, an amateur NaCj (D:4)
  Menkaure (D:5)
  An ice beast (D:6)
  An orc warrior (D:6)
  A phantom (D:4)
  2 centaurs
  2 ogres (D:6)
  Blork the orc (D:5)
  A big kobold (D:7)
  5 bullfrogs
  4 scorpions
  2 howler monkeys (D:4)
  3 crimson imps
  2 bullfrog zombies
  6 jellies
  A quasit (D:7)
  A hound (D:7)
  4 orc priests
  Crazy Yiuf (D:5)
  3 orc wizards
  2 worker ants
  A big kobold zombie (Ossuary)
  A hound zombie (D:5)
  8 mummies (Ossuary)
  3 worker ant zombies
  Robin (D:3)
  14 adders
  2 shadow imps
  2 oozes
  An adder zombie (D:5)
  A dart slug (D:1)
  3 leopard geckos
  15 orcs
  A ball python (D:3)
  2 giant cockroaches (D:6)
  A gnoll zombie (Ossuary)
  15 goblins
  11 hobgoblins
  9 jackals
  7 kobolds
  2 quokkas
  10 bats
  3 frilled lizards
  2 hobgoblin zombies (Ossuary)
  2 kobold zombies (Ossuary)
  A leopard gecko skeleton (D:4)
  2 orc zombies (Ossuary)
  6 rats
172 creatures vanquished.

Vanquished Creatures (others)
  An orc warrior (D:6)
1 creature vanquished.

Grand Total: 173 creatures vanquished

Notes
Turn   | Place    | Note
-------+----------+-------------------------------------------
     0 | Abyss:1  | Gargoyl the Ghoul Abyssal Knight began the quest for the Orb.
     0 | Abyss:1  | Reached XP level 1. HP: 19/19 MP: 1/1
    68 | Abyss:1  | Noticed a neqoxec
    69 | Abyss:1  | Noticed a crimson imp
    71 | D:1      | Escaped the Abyss
   105 | D:1      | Reached * piety under Lugonu
   111 | D:1      | Reached skill level 1 in Dodging
   192 | D:1      | Found a shattered altar of Ashenzari.
   251 | D:1      | Reached XP level 2. HP: 23/26 MP: 2/2
   308 | D:1      | Reached skill level 2 in Axes
   800 | D:2      | Reached XP level 3. HP: 31/31 MP: 3/3
  1149 | D:2      | Found a burning altar of Makhleb.
  1156 | D:2      | Found a white marble altar of Elyvilon.
  1158 | D:2      | Found a basalt altar of Yredelemnul.
  1159 | D:2      | Found a glowing silver altar of Zin.
  1373 | D:2      | Reached XP level 4. HP: 34/39 MP: 4/4
  1506 | D:2      | Found a shattered altar of Ashenzari.
  1516 | D:2      | Found an opulent altar of Gozag.
  1666 | D:3      | Noticed Robin
  1762 | D:2      | Reached ** piety under Lugonu
  1785 | D:3      | Killed Robin
  1900 | D:3      | Reached XP level 5. HP: 40/46 MP: 6/6
  2272 | D:3      | Reached skill level 3 in Axes
  2353 | D:3      | Found a faded altar of an unknown god.
  2353 | D:3      | Found a faded altar of an unknown god.
  2358 | D:3      | Found a shadowy altar of Dithmenos.
  2360 | D:3      | Found a faded altar of an unknown god.
  2362 | D:3      | Found a faded altar of an unknown god.
  2575 | D:4      | Found a staircase to the Ecumenical Temple.
  2598 | D:4      | Reached XP level 6. HP: 46/52 MP: 7/7
  2605 | D:4      | Noticed maxonian's ghost (amateur NaCj)
  2630 | D:4      | Noticed a phantom
  2650 | D:4      | HP: 2/52 [maxonian's ghost/magic dart (3)]
  2651 | D:5      | Entered Level 5 of the Dungeon
  2801 | D:5      | Found a runed door.
  2890 | D:5      | Noticed Blork the orc
  2903 | D:5      | Killed Blork the orc
  3017 | D:5      | Reached *** piety under Lugonu
  3017 | D:5      | Reached skill level 4 in Axes
  3017 | D:5      | Reached XP level 7. HP: 52/58 MP: 8/8
  3109 | D:4      | Found a stormy altar of Qazlal.
  3210 | D:4      | Killed maxonian's ghost
  3669 | D:5      | Reached XP level 8. HP: 65/67 MP: 10/10
  3920 | D:4      | Reached skill level 5 in Axes
  3969 | D:5      | Reached skill level 5 in Armour
  4061 | D:5      | Noticed Crazy Yiuf
  4073 | D:5      | Killed Crazy Yiuf
  4105 | D:6      | Noticed Menkaure
  4126 | D:5      | Killed Menkaure
  4190 | D:6      | Reached skill level 5 in Fighting
  4190 | D:6      | Reached skill level 6 in Axes
  4458 | D:6      | Reached skill level 5 in Invocations
  4819 | D:6      | Reached XP level 9. HP: 48/74 MP: 11/11
  5098 | D:7      | Reached skill level 7 in Axes
  5727 | D:8      | Reached **** piety under Lugonu
  5733 | D:8      | Found a viscous altar of Jiyva.
  5846 | D:8      | Found a sand-covered staircase.
  5853 | Ossuary  | Entered an ossuary
  6225 | D:8      | Mangled by an orc warrior

Skill      XL: |  1  2  3  4  5  6  7  8  9 |
---------------+----------------------------+-----
Dodging        | 1 |  1.8
Armour         | 2 3 4 5 6 |  6.6
Axes           | 2 3 4 6 7 |  7.8
Invocations    | 3 4 5 6 |  6.1
Fighting       | 4 5 6 |  6.1
Shields        | |  0.5

Action                   |  1- 3 |  4- 6 |  7- 9 || total
-------------------------+-------+-------+-------++-------
Melee: Hand axe          |   103 |    63 |       ||   166
       War axe           |       |   141 |   463 ||   604
Invok: Depart the Abyss  |     1 |       |       ||     1
       Banish            |       |       |     1 ||     1
  Use: Scroll            |     7 |     5 |     5 ||    17
       Potion            |       |       |     2 ||     2
  Eat: Chunk             |    18 |    31 |    41 ||    90
Armor: Leather armour    |    11 |       |       ||    11
       Ring mail         |    36 |   117 |       ||   153
       Plate armour      |       |    30 |   423 ||   453
Dodge: Dodged            |    69 |   152 |   194 ||   415
Block: Buckler           |       |       |    21 ||    21
